 Dungeon Crawl Stone Soup version 0.31.0-12-g77e489cdc1 (webtiles) character file.

Game seed: 11469724716232701632

474 holycorn the Chopper (level 6, -1/56 HPs)
             Began as a Minotaur Berserker on Feb 15, 2024.
             Was a Believer of Trog.
             Slain by a gnoll sergeant
             ... wielding a +0 spear
              (9 damage)
             ... on level 5 of the Dungeon.
             The game lasted 00:06:39 (3113 turns).

holycorn the Chopper (Minotaur Berserker)           Turns: 3113, Time: 00:06:40

Health: -1/56      AC: 10    Str: 24    XL:     6   Next: 84%
Magic:  5/5        EV: 11    Int:  4    God:    Trog [**....]
Gold:   219        SH:  0    Dex:  9    Spells: 5/5 levels left

rFire   . . .        v - +0 battleaxe
rCold   . . .        (shield currently unavailable)
rNeg    . . .        g - +5 ring mail
rPois   .            (helmet restricted)
rElec   .            (no cloak)
rCorr   .            (no gloves)
SInv    .            (no boots)
Will    .....        (no amulet) Stlth
                     (no ring)
HPRegen 0.29/turn    (no ring)
MPRegen 0.09/turn

%: no passive effects
@: no status effects
A: horns 2, retaliatory headbutt
a: Renounce Religion, Berserk, Trog's Hand


You were on level 5 of the Dungeon.
You worshipped Trog.
Trog was pleased with you.
You visited 1 branch of the dungeon, and saw 5 of its levels.

You collected 219 gold pieces.

Inventory:

Hand Weapons
 a - a +0 hand axe
 v - a +0 battleaxe (weapon)
Armour
 b - a +0 animal skin
 g - a +5 ring mail (worn)
Jewellery
 i - a +4 ring of protection
Scrolls
 d - a scroll of torment {unknown}
 f - 3 scrolls of teleportation
 m - 2 scrolls of fear
 q - 3 scrolls of fog
 r - a scroll of identify
Potions
 c - a potion of brilliance {unknown}
 e - 2 potions of might {unknown}
 j - 3 potions of heal wounds
 l - 4 potions of curing
 n - 3 potions of degeneration {unknown}
 p - a potion of cancellation {unknown}
 s - 2 potions of mutation {unknown}
 u - a potion of invisibility {unknown}
 w - a potion of lignification {unknown}


   Skills:
 + Level 5.0 Fighting
 * Level 7.4 Axes
 + Level 4.1 Armour
 + Level 3.3 Dodging


You had 5 spell levels left.
You didn't know any spells.
Your spell library was empty.

Dungeon Overview and Level Annotations

Branches:
Dungeon (5/15)
 Temple: D:4-7

Altars:
Ru

Shops:
D:2 ?*[


Innate Abilities, Weirdness & Mutations

You have a pair of horns on your head.
You reflexively headbutt those who attack you in melee.


Message History

Trog accepts your kill.
Your Fighting skill increases to level 5!
No target in view!
d - a scroll labelled HAILAXUGYTH
s - 2 murky black potions (gained 1)
Found a short sword.
You now have 219 gold pieces (gained 15).
An ogre comes into view. It is wielding a +0 giant spiked club.
The ogre shouts!
A hound comes into view.
There are monsters nearby!
A gnoll sergeant comes into view. It is wielding a +0 spear.
The gnoll sergeant shouts!
The hound barks!
You hear a shout! x2
You slash the hound!
The hound is heavily wounded.
The hound misses you. The hound closely misses you.
You closely miss the hound.
The hound is heavily wounded.
You hit the ogre. The hound barely misses you. The ogre closely misses you.
You furiously retaliate!
You headbutt the ogre!
A gnoll comes into view. It is wielding a +0 spear.
A gnoll comes into view. It is wielding a +0 flail.
The hound barely misses you.
The gnoll sergeant hits you but does no damage.
You slash the ogre!
The ogre is severely wounded.
You closely miss the hound. The hound bites you.
The ogre hits you with a +0 giant spiked club!
The hound closely misses you.
A gnoll comes into view. It is wielding a +0 spear.
The gnoll sergeant hits you from afar with a +0 spear!
The gnoll shouts!
You hit the ogre.
The ogre is severely wounded.
You closely miss the hound. The hound bites you.
The ogre hits you with a +0 giant spiked club!!
* * * LOW HITPOINT WARNING * * *
The hound bites you but does no damage.
The gnoll sergeant hits you from afar with a +0 spear!
You die...

......##...
............#####
........).......
..............# ..
......g.......# ..
............. .##
....g......#+######..# #
.....?.....#.........#.###
......g.gh@..............##
.........O..........## ....
............<.......+ ....
...........#........###..>.
...........#...........##..
...........#.........#.##..
...........#.........#.....
...##......................
........##...##.......


You could see an ogre, a gnoll sergeant, a hound and 3 gnolls.

Vanquished Creatures
  Eustachio (D:4)
  A phantom (D:4)
  A hound (D:5)
  Natasha (thrice) (D:2)
  An iguana (D:4)
  Terence (D:3)
  4 adders
  A dart slug (D:4)
  5 ribbon worms
  4 ball pythons
  8 endoplasms
  A giant cockroach (D:3)
  5 goblins
  7 hobgoblins
  2 jackals (D:4)
  3 kobolds
  2 quokkas (D:2)
  5 bats
  2 frilled lizards
  4 rats
61 creatures vanquished.

Notes
Turn   | Place    | Note
-------+----------+-------------------------------------------
     0 | D:1      | holycorn the Minotaur Berserker began the quest for the
                  | Orb.
     0 | D:1      | Reached XP level 1. HP: 19/19 MP: 0/0
   178 | D:1      | Reached skill level 4 in Axes
   237 | D:1      | Reached XP level 2. HP: 27/27 MP: 1/1
   468 | D:2      | Found a sacrificial altar of Ru.
   469 | D:2      | Noticed Natasha
   478 | D:2      | Killed Natasha
   479 | D:2      | Reached XP level 3. HP: 30/33 MP: 2/2
   583 | D:2      | Found Jyopeph's General Store.
   604 | D:2      | Found Ferri's Antique Armour Emporium.
   740 | D:2      | Found Najam's Magic Scroll Boutique.
   811 | D:2      | Reached ** piety under Trog
   822 | D:2      | Reached skill level 5 in Axes
   937 | D:2      | Noticed Natasha
   945 | D:2      | Killed Natasha
   946 | D:2      | Reached XP level 4. HP: 40/41 MP: 3/3
   968 | D:2      | Noticed Natasha
   975 | D:2      | Killed Natasha
   977 | D:3      | Noticed Terence
   991 | D:3      | Killed Terence
  1286 | D:3      | Reached XP level 5. HP: 46/47 MP: 4/4
  1445 | D:3      | Reached skill level 6 in Axes
  1834 | D:3      | Found a faded altar of an unknown god.
  1887 | D:4      | Noticed a phantom
  1895 | D:4      | Killed a phantom
  1915 | D:4      | Reached XP level 6. HP: 53/53 MP: 5/5
  2120 | D:4      | Noticed Eustachio
  2143 | D:4      | Killed Eustachio
  2144 | D:4      | Reached skill level 7 in Axes
  3059 | D:5      | Entered Level 5 of the Dungeon
  3092 | D:5      | Reached skill level 5 in Fighting
  3113 | D:5      | Slain by a gnoll sergeant

Illustrated notes

Levels and vault maps discovered:
D:1:      enne_arrival_octagon_isle, layout_basic
D:2:      layout_basic, serial_shops, nicolae_shop_waterfront,
          nicolae_shop_advertising_works [nicolae_subvault_shop_adworks],
          nicolae_shop_behind_doors, basic_altar,
          hangedman_abyss_or_decor_stabs, minmay_box_of_dots, uniq_natasha
D:3:      layout_loops_ring, chequers_ecumenical_altar_simple, uniq_terence
D:4:      layout_layer_cave, uniq_eustachio
D:5:      minmay_bubble_buster, layout_basic, minitemple

Skill      XL: |  1  2  3  4  5  6 |
---------------+-------------------+-----
Axes           | 4 5 6 7 |  7.4
Fighting       | 4 5 |  5.0
Armour         | 3 4 |  4.1
Dodging        | 3 |  3.3

Action                     |  1- 3 |  4- 6 || total
---------------------------+-------+-------++-------
  Melee: Hand axe          |    64 |    89 ||   153
         Headbutt          |     9 |    15 ||    24
         Battleaxe         |       |    15 ||    15
 Invoke: Berserk           |       |     2 ||     2
    Use: Scroll            |       |    10 ||    10
 Armour: Animal skin       |     5 |       ||     5
         Ring mail         |    23 |    55 ||    78
  Dodge: Dodged            |    34 |    62 ||    96
